 Dungeon Crawl Stone Soup version 0.20-a0-350-ga83eecc (webtiles) character file.

382 aspy the Poker (level 6, -1/51 HPs)
             Began as a Draconian Abyssal Knight on Dec 23, 2016.
             Was a Believer of Lugonu.
             Killed by nerve-wracking pain
             ... invoked by Grinder
              (6 damage)
             ... while paralysed by Grinder
             ... on level 4 of the Dungeon on Dec 24, 2016.
             The game lasted 00:22:01 (3304 turns).

aspy the Poker (Draconian Abyssal Knight)           Turns: 3304, Time: 00:22:01

Health: -1/51      AC:  7    Str: 14    XL:     6   Next: 47%
Magic:  9/9        EV:  2    Int: 12    God:    Lugonu [**....]
Gold:   165        SH:  0    Dex: 13    Spells: 5/5 levels left

rFire  . . .     SeeInvis .     a - +0 war axe
rCold  . . .     Gourm    .     (armour unavailable)
rNeg   . . .     Faith    .     (no shield)
rPois  .         Spirit   .     (helmet restricted)
rElec  .         Reflect  .     (no cloak)
rCorr  .         Harm     .     y - +0 pair of gloves
MR     .....                    (no boots)
Stlth  +.........               (no amulet)
                                (no ring)
                                (no ring)

@: paralysed
A: unfitting armour, wild magic 1, cold-blooded, AC +6
a: Depart the Abyss, Bend Space, Renounce Religion


You were on level 4 of the Dungeon.
You worshipped Lugonu.
Lugonu was pleased with you.
You were not hungry.

You visited 1 branch of the dungeon, and saw 4 of its levels.
You visited the Abyss 1 time.

You collected 165 gold pieces.

Inventory:

Hand Weapons
 a - a +0 war axe (weapon)
 b - a +0 hunting sling
 q - a +1 spear
Missiles
 h - 59 stones (quivered)
 z - 3 curare-tipped needles
Armour
 y - a +0 pair of gloves (worn)
Wands
 t - a wand of disintegration (13/24)
Scrolls
 c - a scroll of amnesia
 f - 2 scrolls of teleportation {unknown}
 i - a scroll of fear {unknown}
 k - a scroll of noise {unknown}
 l - a scroll of enchant weapon {unknown}
 m - a scroll of blinking {unknown}
 s - a scroll of random uselessness {unknown}
 w - a scroll of remove curse
Potions
 d - 2 potions of might {unknown}
 e - 2 potions of curing
 j - a potion of heal wounds {unknown}
 x - a potion of degeneration {unknown}
Books
 p - a book of Conjurations

   Spells                             Type                      Level
   a - Magic Dart                     Conjuration                  1
   b - Searing Ray                    Conjuration                  2
   c - Dazzling Spray                 Conjuration/Hexes            3
   d - Fulminant Prism                Conjuration/Hexes            4
   e - Iskenderun's Mystic Blast      Conjuration                  4
   f - Iskenderun's Battlesphere      Conjuration/Charms           5
Comestibles
 g - 2 meat rations
 n - 2 bread rations
 o - 2 fruits
 r - 2 chunks of flesh
 u - a royal jelly
 v - a beef jerky


   Skills:
 - Level 3.2 Fighting
 + Level 2.7(4.2) Axes
 - Level 5.0(5.3) Polearms
 - Level 2.1 Dodging
 + Level 4.5 Invocations


You had 5 spell levels left.
You didn't know any spells.

Dungeon Overview and Level Annotations

Branches:
Dungeon (4/15)
 Temple: D:4-7

Altars:
Cheibriados
Gozag
Okawaru
Qazlal
Trog
Uskayaw

Annotations:
D:4 Grinder


Innate Abilities, Weirdness & Mutations

Your plain brown scales are hard. (AC +6)
You cannot fit into any form of body armour.
You are cold-blooded and may be slowed by cold attacks.
Your spells are a little harder to cast, but a little more powerful.


Message History

Grinder is almost dead.
Grinder gestures at you.
You suddenly lose the ability to move!
Grinder hits you.
* * * LOW HITPOINT WARNING * * *
You writhe in agony.
* * * LOW HITPOINT WARNING * * *
Grinder hits you!
* * * LOW HITPOINT WARNING * * *
You writhe in agony.
* * * LOW HITPOINT WARNING * * *
Grinder hits you.
* * * LOW HITPOINT WARNING * * *
You writhe in agony.
* * * LOW HITPOINT WARNING * * *
Grinder says, "Just stop there for a second..."
Grinder blinks!
Grinder gestures at you. Pain shoots through your body!
You die...

.................
.#.......########
............#
.##########.## .....
#..# ..... ##.## ##+####
.....# #####..###......#
....[# #...............#
.....###........@......#
.................##.####
........(...(....#
#.............#
#.......5.....#
.................[...
...##................
... #.....).......... ..
########+###.####


You could see Grinder.

Vanquished Creatures
  A phantom (D:4)
  The ghost of sergedm the Conjurer, a weakling DECj (D:3)
  An orc wizard (D:3)
  A centaur skeleton (D:4)
  An orc priest (D:3)
  A gnoll (D:1)
  7 adders
  An ooze (D:1)
  4 worms
  4 dart slugs
  2 leopard geckos
  3 orcs (D:3)
  4 bats
  4 giant cockroaches
  10 goblins
  12 hobgoblins
  10 kobolds
  2 quokkas (D:2)
  4 frilled lizards
  10 rats
83 creatures vanquished.

Notes
Turn   | Place    | Note
-------+----------+-------------------------------------------
     0 | Abyss:1  | aspy the Draconian Abyssal Knight began the quest for the Orb.
     0 | Abyss:1  | Reached XP level 1. HP: 19/19 MP: 2/2
     4 | D:1      | Escaped the Abyss
   316 | D:2      | Reached XP level 2. HP: 26/26 MP: 3/3
   327 | D:2      | Reached skill level 3 in Polearms
   507 | D:2      | Reached XP level 3. HP: 31/31 MP: 4/4
   609 | D:2      | Reached * piety under Lugonu
   809 | D:2      | Reached skill level 4 in Polearms
  1019 | D:2      | Reached XP level 4. HP: 38/38 MP: 5/5
  1351 | D:2      | Gained mutation: Your spells are a little harder to cast, but a little more powerful. [potion of beneficial mutation]
  2012 | D:2      | Reached ** piety under Lugonu
  2223 | D:3      | Found a snail-covered altar of Cheibriados.
  2236 | D:3      | Reached XP level 5. HP: 39/45 MP: 5/7
  2271 | D:3      | Reached skill level 5 in Polearms
  2332 | D:3      | Noticed sergedm's ghost (weakling DECj)
  2348 | D:3      | Killed sergedm's ghost
  2474 | D:3      | Found an opulent altar of Gozag.
  2561 | D:3      | Found a hide-covered altar of Uskayaw.
  2564 | D:3      | Found a bloodstained altar of Trog.
  2574 | D:3      | Found an iron altar of Okawaru.
  2624 | D:3      | Reached skill level 1 in Axes
  2934 | D:3      | Found a stormy altar of Qazlal.
  3171 | D:4      | Noticed a phantom
  3189 | D:4      | Reached XP level 6. HP: 48/51 MP: 8/8
  3275 | D:4      | Noticed Grinder
  3278 | D:4      | Paralysed by Grinder for 4 turns
  3298 | D:4      | Paralysed by Grinder for 7 turns
  3304 | D:4      | Killed from afar by Grinder

Vault maps used:
D:1:      dpeg_arrival_lava_altar
D:2:      first_bread, minmay_randomly_rotated_circles
D:3:      grunt_temple_overflow_cloverleaf, kennysheep_slug_shrine,
          corexii_corridor_pit, grunt_qazlal_sundering
D:4:      uniq_grinder
Abyss:1:  hangedman_elemental_corridor

Skill      XL: |  1  2  3  4  5  6 |
---------------+-------------------+-----
Polearms       | 3 4 5 |  5.0
Invocations    | 3 4 |  4.5
Axes           | 1 2 |  2.7
Fighting       | |  3.2
Dodging        | |  2.1

Action                   |  1- 3 |  4- 6 || total
-------------------------+-------+-------++-------
Melee: Spear             |   121 |   107 ||   228
       Tailslap          |     5 |    11 ||    16
       War axe           |       |    85 ||    85
 Fire: Hunting sling     |       |    28 ||    28
Invok: Depart the Abyss  |     1 |       ||     1
       Bend Space        |       |     1 ||     1
  Use: Scroll            |       |     5 ||     5
       Potion            |       |     2 ||     2
 Stab: Sleeping          |     1 |     1 ||     2
  Eat: Chunk             |       |     8 ||     8
Armor: Skin              |    20 |    37 ||    57
Dodge: Dodged            |    41 |    73 ||   114
